 Dungeon Crawl Stone Soup version 0.18-a0-1764-gf4ddf0b (webtiles) character file.

1841 Gorice the Tainter (level 8, -5/52 HPs)
             Began as a Demonspawn Venom Mage on Apr 12, 2016.
             Was a Follower of Vehumet.
             Shot with an arrow by a centaur (10 damage)
             ... on level 5 of the Dungeon on Apr 13, 2016.
             The game lasted 00:38:28 (6997 turns).

Gorice the Tainter (Demonspawn Venom Mage)          Turns: 6997, Time: 00:38:28

Health: -5/52      AC:  5    Str:  8    XL:     8   Next: 87%
Magic:  11/14      EV: 12    Int: 21    God:    Vehumet [*.....]
Gold:   129        SH:  0    Dex: 15    Spells: 3 memorised, 9 levels left

rFire  . . .     SeeInvis .     A - +0 short sword (speed)
rCold  . . .     Gourm    .     l - +0 robe
rNeg   . . .     Faith    .     (no shield)
rPois  .         Spirit   .     (helmet restricted)
rElec  .         Dismiss  .     s - +0 cloak (curse)
rCorr  .         Reflect  .     (no gloves)
SustAt .         Harm     .     (no boots)
MR     .....                    (no amulet)
Stlth  +++.......               (no ring)
                                D - +3 ring of intelligence

@: not resistant to hostile enchantments, fairly stealthy
A: antennae 2, thin metallic scales 1, nightstalker 1
a: Renounce Religion


You were on level 5 of the Dungeon.
You worshipped Vehumet.
Vehumet was aware of your devotion.
You were near starving.

You visited 2 branches of the dungeon, and saw 7 of its levels.

You collected 273 gold pieces.
You spent 144 gold pieces at shops.

Inventory:

Hand Weapons
 a - a +2 dagger of venom
   (You took it off a kobold on level 1 of the Dungeon)
 b - a +0 shortbow of freezing
   (You took it off a centaur on level 6 of the Dungeon)
 y - a +0 hunting sling
 A - a +0 short sword of speed (weapon)
   (You took it off an orc on level 4 of the Dungeon)
 E - a +2 dagger of draining
   (You took it off an orc on level 6 of the Dungeon)
Missiles
 e - 10 tomahawks (quivered)
 g - 23 poisoned needles
 F - 11 arrows
 Z - 141 stones
Armour
 l - a +0 robe (worn)
 s - a cursed +0 cloak (worn)
Jewellery
 D - a +3 ring of intelligence (left hand)
Wands
 f - a wand of flame (0/48)
 q - a wand of random effects (10/48)
 w - a wand of random effects (33/48)
Scrolls
 d - a scroll of fear {!r}
 j - 2 scrolls of remove curse
 C - a scroll of identify
Potions
 m - a potion of cancellation {!q}
 n - a potion of might {!q}
 p - 3 potions of curing
 r - a potion of lignification {!q}
 t - 3 potions of brilliance {!q}
 u - 3 potions of haste {!q}
 v - 2 potions of ambrosia
 z - a potion of magic {!q}
 B - a potion of degeneration {unknown}
Books
 i - a Young Poisoner's Handbook
Comestibles
 c - 4 bread rations {!e}
 h - 2 slices of pizza
 k - 2 meat rations {!e}
 o - a beef jerky
 x - 4 fruits


   Skills:
 - Level 1.7 Dodging
 - Level 1.7 Stealth
 + Level 4.2 Spellcasting
 + Level 7.6 Conjurations
 * Level 8.5 Poison Magic


You had 9 spell levels left.
You knew the following spells:

 Your Spells              Type           Power        Failure   Level  Hunger
a - Sting                 Conj/Pois      ####         1%          1    None
b - Cure Poison           Pois           #####.....   1%          2    #......
c - Mephitic Cloud        Conj/Pois/Air  ####....     4%          3    ###....


Dungeon Overview and Level Annotations

Branches:
Dungeon (6/15)             Temple (1/1) D:4

Altars:
Ashenzari
Cheibriados
Dithmenos
Fedhas
Gozag
Kikubaaqudgha
Makhleb
Nemelex Xobeh
Okawaru
Qazlal
Ru
Sif Muna
Trog
Vehumet
Yredelemnul

Shops:
D:4 !

Annotations:
D:6 Menkaure


Innate Abilities, Weirdness & Mutations

You have a pair of antennae on your head.
You are partially covered in thin metallic scales (AC +2).
You are slightly more attuned to the shadows.


Message History

The sky beast is moderately wounded.
The sky beast flickers out of sight!
Deactivating autopickup; reactivate with Ctrl-A.
There is a stone staircase leading up here.
There is a stone staircase leading up here.
Casting: Sting
Confirm with . or Enter, or press ? or * to list all spells.
You can't see any susceptible monsters within range! (Use Z to cast anyway.)
Casting: Sting
Confirm with . or Enter, or press ? or * to list all spells.
Aiming: Sting
Press: ? - help, Shift-Dir - straight line The sting hits something.
Casting: Sting
Confirm with . or Enter, or press ? or * to list all spells.
Aiming: Sting
Press: ? - help, Shift-Dir - straight line A centaur comes into view.
The centaur shouts!
You hit something but do no damage.
The centaur wields a shortbow.
The centaur shoots an arrow.
The arrow hits you!
* * * LOW HITPOINT WARNING * * *
Something hits you.
* * * LOW HITPOINT WARNING * * *
Something shocks you.
* * * LOW HITPOINT WARNING * * *
Damage: 23 (max 23)
A sky beast appears from thin air!
Reactivating autopickup.
You kill the sky beast!
Vehumet accepts your kill.
The centaur shoots an arrow.
The arrow barely misses you.
You see here an arrow.
The centaur shoots an arrow.
The arrow hits you.
* * * LOW HITPOINT WARNING * * *
Damage: 2 (max 2)
You start resting.
The centaur shoots an arrow.
The arrow hits you!
* * * LOW HITPOINT WARNING * * *
Damage: 7 (max 7) Unknown command.
Casting: Sting
Confirm with . or Enter, or press ? or * to list all spells.
Aiming: Mephitic Cloud
Press: ? - help, Shift-Dir - straight line, f - centaur
Aim: a centaur, wielding a shortbow The ball explodes into a vile cloud!
The stinking cloud engulfs the centaur.
The centaur is engulfed in noxious fumes.
The centaur shoots an arrow.
The arrow hits you!
You die...

.....#...#
#.###.#
....#..###
#.#...# ......##
##.#.### .....##
###..c.#
.....#####...#.##
###......#.###(#
##.###....##.#
###..#
###..#c§#####
.##.##
###...§§.@.)#
....#
#...##.###..#
#..##
#.####.##..##
#..## #.#
##....## #...##
#.###...###
#.#<)###.....>##
..##..........##
..####.........#
..####.........#


You could see a centaur.

Vanquished Creatures
  2 sky beasts (D:5)
  2 phantoms (D:5)
  2 centaurs (D:6)
  3 ogres
  A giant frog (D:4)
  A scorpion (D:4)
  A giant frog zombie (D:5)
  3 crimson imps (D:5)
  4 hounds
  4 orc priests
  5 orc wizards
  An iguana (D:4)
  5 worker ants
  A hound skeleton (D:5)
  A gnoll (D:1)
  A worker ant zombie (D:5)
  A howler monkey skeleton (D:5)
  9 adders
  2 oozes
  An adder zombie (D:5)
  An adder skeleton (D:5)
  5 worms
  2 dart slugs
  7 giant geckos
  19 orcs
  6 giant cockroaches
  6 goblins
  12 hobgoblins
  2 jackals (D:4)
  2 quokkas
  4 ball pythons
  8 bats
  7 giant newts
  7 kobolds
  3 quokka skeletons
  7 rats
148 creatures vanquished.

Notes
Turn   | Place    | Note
--------------------------------------------------------------
     0 | D:1      | Gorice the Demonspawn Venom Mage began the quest for the Orb.
     0 | D:1      | Reached XP level 1. HP: 13/13 MP: 3/3
   281 | D:1      | Reached skill level 1 in Conjurations
   360 | D:1      | Gained mutation: You have a pair of small antennae on your head. [demonic ancestry]
   360 | D:1      | Reached XP level 2. HP: 19/19 MP: 1/5
   498 | D:1      | Reached skill level 2 in Conjurations
   774 | D:1      | Reached XP level 3. HP: 24/24 MP: 4/6
  1186 | D:1      | Learned a level 2 spell: Cure Poison
  1317 | D:2      | Reached skill level 3 in Conjurations
  1317 | D:2      | Gained mutation: You are slightly more attuned to the shadows. [demonic ancestry]
  1317 | D:2      | Reached XP level 4. HP: 29/30 MP: 0/7
  1492 | D:2      | Upgraded the game from 0.18-a0-1748-g7377c14 to 0.18-a0-1764-gf4ddf0b
  2172 | D:3      | Gained mutation: You are partially covered in thin metallic scales (AC +2). [demonic ancestry]
  2172 | D:3      | Reached XP level 5. HP: 34/35 MP: 4/8
  2239 | D:3      | Reached skill level 4 in Conjurations
  2242 | D:3      | Found a burning altar of Makhleb.
  2576 | D:3      | Reached skill level 5 in Poison Magic
  2872 | D:4      | Noticed an ogre
  3053 | D:4      | Gained mutation: You have a pair of antennae on your head. [demonic ancestry]
  3053 | D:4      | Reached XP level 6. HP: 33/41 MP: 4/9
  3149 | D:4      | Reached skill level 5 in Conjurations
  3346 | D:4      | Found a staircase to the Ecumenical Temple.
  3395 | D:4      | Reached XP level 7. HP: 46/46 MP: 10/10
  3401 | D:4      | Reached skill level 6 in Conjurations
  3414 | Temple   | Entered the Ecumenical Temple
  3489 | Temple   | Became a worshipper of Vehumet
  3830 | D:4      | Reached skill level 6 in Poison Magic
  3954 | D:4      | Found Isostreaff's Distillery.
  3961 | D:4      | Bought a potion of magic for 96 gold pieces
  3976 | D:4      | Bought a potion of brilliance for 48 gold pieces
  4086 | D:4      | Learned a level 3 spell: Mephitic Cloud
  4091 | D:5      | Entered Level 5 of the Dungeon
  4109 | D:4      | HP: 13/46 [poisoned by a scorpion]
  4115 | D:4      | HP: 11/46 [poisoned by a scorpion]
  4121 | D:4      | HP: 10/46 [poisoned by a scorpion]
  4128 | D:4      | HP: 9/46 [poisoned by a scorpion]
  4596 | D:5      | Reached * piety under Vehumet
  4596 | D:5      | Offered knowledge of Sandblast by Vehumet.
  4596 | D:5      | Reached XP level 8. HP: 52/52 MP: 4/12
  4711 | D:5      | Reached skill level 7 in Poison Magic
  4724 | D:5      | Reached skill level 3 in Spellcasting
  4970 | D:5      | Reached skill level 7 in Conjurations
  5006 | D:5      | HP: 14/52 [giant frog zombie (6)]
  5013 | D:5      | HP: 9/52 [giant frog zombie (1)]
  5014 | D:5      | HP: 4/52 [giant frog zombie (5)]
  5361 | D:5      | HP: 12/52 [phantom (6)]
  5405 | D:5      | HP: 12/52 [worker ant zombie (5)]
  5410 | D:5      | HP: 5/52 [worker ant zombie (3)]
  5430 | D:5      | HP: 7/52 [worker ant zombie (2)]
  5759 | D:5      | Found a shadowy altar of Dithmenos.
  5759 | D:5      | Found a shattered altar of Ashenzari.
  6074 | D:6      | Reached skill level 8 in Poison Magic
  6129 | D:6      | Noticed Menkaure
  6274 | D:5      | HP: 15/52 [crimson imp (2)]
  6284 | D:5      | HP: 7/52 [crimson imp (1)]
  6287 | D:5      | Reached skill level 4 in Spellcasting
  6622 | D:5      | HP: 13/52 [phantom (7)]
  6631 | D:5      | HP: 8/52 [phantom (4)]
  6984 | D:5      | HP: 12/52 [something (6)]
  6992 | D:5      | HP: 11/52 [centaur/arrow (2)]
  6996 | D:5      | HP: 5/52 [centaur/arrow (7)]
  6997 | D:5      | Shot with an arrow by a centaur

Vault maps used:
D:1:      dpeg_arrival_subterranean_lakeside_camping, grunt_decor_one_mirror
D:2:      first_bread
D:3:      lemuel_round_altar
D:4:      minmay_temple_entry_junction2, serial_shops, shop_fountains
D:5:      gammafunk_temple_overflow_pools
D:6:      uniq_menkaure
Temple:   triangle_lava_temple_12

Skill      XL: |  1  2  3  4  5  6  7  8 |
---------------+-------------------------+-----
Conjurations   | 1 2 3 4 5 6 7 |  7.6
Poison Magic   | 5 6 8 |  8.5
Spellcasting   | 4 |  4.2
Dodging        | |  1.7
Stealth        | |  1.7

Action                   |  1- 3 |  4- 6 |  7- 9 || total
-------------------------+-------+-------+-------++-------
Melee: Unarmed           |    33 |       |       ||    33
       Dagger            |     5 |    83 |   224 ||   312
       Short sword       |       |       |    82 ||    82
 Fire: Hunting sling     |     1 |       |       ||     1
       Shortbow          |       |       |     4 ||     4
Throw: Tomahawk          |       |       |    25 ||    25
       Stone             |       |       |     1 ||     1
 Cast: Sting             |    54 |    99 |    83 ||   236
       Cure Poison       |       |       |     4 ||     4
       Mephitic Cloud    |       |       |     2 ||     2
Evoke: Club              |       |       |    17 ||    17
  Use: Scroll            |     4 |     5 |     5 ||    14
       Potion            |       |       |     2 ||     2
 Stab: Sleeping          |       |     4 |     4 ||     8
  Eat: Chunk             |     2 |     8 |     9 ||    19
       Royal jelly       |       |       |     1 ||     1
Armor: Robe              |    17 |    12 |    63 ||    92
       Skin              |       |       |     7 ||     7
Dodge: Dodged            |    47 |    35 |   135 ||   217

Table legend:
 A = Turns spent in this place as a percentage of turns spent in the entire game.
 B = Non-inter-level travel turns spent in this place as a percentage of non-inter-level travel turns spent in the entire game.
 C = Inter-level travel turns spent in this place as a percentage of turns spent in this place.
 D = Turns resting spent in this place as a percentage of non-inter-level travel turns spent in this place.
 E = Turns spent auto-exploring this place as a percentage of non-inter-level travel turns spent in this place.
 F = Non-inter-level travel turns spent in this place divided by the number of levels of this place that you've seen.
                   A       B       C       D       E      F
               +-------+-------+-------+-------+-------+----------------------
         Total | 100.0 | 100.0 |   0.4 |   3.5 |   4.7 | 363.0
       Dungeon |  96.7 |  96.7 |   0.4 |   3.7 |   4.9 | 409.7
        Temple |   3.3 |   3.3 |   0.0 |   0.0 |   0.0 |  83.0
               +-------+-------+-------+-------+-------+----------------------

Vault maps used:
D:1:      dpeg_arrival_subterranean_lakeside_camping, grunt_decor_one_mirror
D:2:      first_bread
D:3:      lemuel_round_altar
D:4:      minmay_temple_entry_junction2, serial_shops, shop_fountains
D:5:      gammafunk_temple_overflow_pools
D:6:      uniq_menkaure
Temple:   triangle_lava_temple_12
